 Dungeon Crawl Stone Soup version 0.29-a0-819-g94b489e0ae (webtiles) character file.

Game seed: 7626694261722587514

211 Querens the Shield-Bearer (level 6, -1/53 HPs)
             Began as a Meteoran Fighter on July 7, 2022.
             Killed from afar by an orc wizard (14 damage)
             ... with a puff of flame
             ... on level 3 of the Dungeon.
             The game lasted 00:05:45 (1562 turns).

Querens the Shield-Bearer (Meteoran Fighter)        Turns: 1562, Time: 00:05:48

Health: -1/53      AC: 10    Str: 20    XL:     6   Next: 36%
Magic:  7/7        EV: 10    Int:  9    God:
Gold:   119        SH:  5    Dex: 14    Spells: 5/5 levels left

rFire   . . .      SeeInvis .   a - +0 war axe
rCold   + + .      Faith    .   c - +0 buckler
rNeg    . . .      Spirit   .   e - +2 ring mail {rC+}
rPois   .          Reflect  .   o - +0 helmet
rElec   .          Harm     .   (no cloak)
rCorr   .          Rampage  .   (no gloves)
Will    .....                   t - +0 pair of boots
Stlth   +.........              (no amulet)
HPRegen 0.17/turn               k - ring of protection from cold
MPRegen 0.10/turn               (no ring)

@: glowing
A: sense surroundings 1, otherworldly, glowing, explore regen
a: no special abilities


You were on level 3 of the Dungeon.
You visited 1 branch of the dungeon, and saw 3 of its levels.

You collected 119 gold pieces.

Inventory:

Hand Weapons
 a - a +0 war axe (weapon)
Missiles
 g - 2 curare-tipped darts (quivered)
Armour
 c - a +0 buckler (worn)
 e - a +2 ring mail of cold resistance (worn)
 o - a +0 helmet (worn)
 t - a +0 pair of boots (worn)
Jewellery
 k - a ring of protection from cold (left hand)
Wands
 s - a wand of acid (4)
 v - a wand of polymorph (10)
Scrolls
 f - 2 scrolls of identify {unknown}
 h - 2 scrolls of immolation
 i - a scroll of magic mapping {unknown}
 l - a scroll of enchant armour {unknown}
 p - a scroll of enchant weapon {unknown}
 q - 2 scrolls of teleportation {unknown}
 r - a scroll of torment {unknown}
Potions
 b - a potion of curing {unknown}
 d - a potion of might
 j - a potion of ambrosia {unknown}
 m - a potion of haste {unknown}
 n - a potion of lignification {unknown}
 u - a potion of brilliance {unknown}


   Skills:
 + Level 4.5 Fighting
 + Level 4.0 Axes
 + Level 4.9 Armour
 + Level 5.0 Shields


You had 5 spell levels left.
You didn't know any spells.
Your spell library was empty.

Dungeon Overview and Level Annotations

Branches:
Dungeon (3/15) Zot: 169

Altars:
Qazlal
Yredelemnul

Shops:
D:2 (


Innate Abilities, Weirdness & Mutations

You passively map a small area around you.
You are easily found by Zot.
You glow in the dark.
You regain HP and MP as you explore.


Message History

Something hits you but does no damage.
You miss something. Something hits you. Something hits you but does no damage.
You barely miss something. Something hits you but does no damage.
You barely miss something. Something hits you but does no damage.
You hit something but do no damage. Something hits you but does no damage.
You hear some strange, mumbled words.
A puff of flame appears from out of thin air!
The puff of flame hits you.
You barely miss something. Something completely misses you.
You hit something but do no damage.
Something hits you but does no damage. x2
You barely miss something. You block something's attack.
You miss something. Something hits you but does no damage.
You hit something but do no damage. Something completely misses you.
You miss something. Something hits you. x2
You hit something but do no damage. Something hits you but does no damage.
You barely miss something. Something hits you but does no damage.
You barely miss something. Something hits you but does no damage.
You block something's attack.
You closely miss something. You block something's attack.
You closely miss something.
You hear some strange, mumbled words.
A puff of flame appears from out of thin air!
The puff of flame misses you.
You barely miss something. Something hits you but does no damage.
Something completely misses you.
You miss something.
An orc wizard appears from thin air!
Reactivating autopickup.
The orc wizard casts a spell at you. The puff of flame hits you.
You hit the orc wizard.
The orc wizard is severely wounded.
The orc wizard hits you but does no damage.
You hit the orc wizard but do no damage.
The orc wizard is severely wounded.
An orc comes into view. It is wielding a +0 mace.
The orc wizard hits you with a +0 dagger.
* * * LOW HITPOINT WARNING * * *
The orc wizard points at you and mumbles some strange words.
The puff of flame hits you!
You die...

* * ## # #..## * ####
..#..#., , ..#
.....#.#######.# ....#
##.............#########
....
........................
... ..
#.####..................
..#....
......)@################
..#... ..#####o# ..#.###
,* * #)# .<..... , , #)#
* * #.##.### * #.# , ,
†...... ,#.# * * *
..##.######* #.# * *+
....<.....#* , #o# ,
............ , ... ,,


You could see an orc wizard and an orc (wandering).

Vanquished Creatures
  Ijyb (D:3)
  Robin (D:2)
  8 gnolls (D:3)
  2 worms
  A dart slug (D:2)
  5 orcs (D:3)
  10 ball pythons
  4 endoplasms
  4 giant cockroaches
  8 goblins
  7 hobgoblins
  8 jackals
  A quokka (D:1)
  4 bats
  5 frilled lizards
  8 kobolds
  5 rats
82 creatures vanquished.

Notes
Turn   | Place    | Note
-------+----------+-------------------------------------------
     0 | D:1      | Querens the Meteoran Fighter began the quest for the Orb.
     0 | D:1      | Reached XP level 1. HP: 19/19 MP: 2/2
   156 | D:1      | Reached XP level 2. HP: 17/26 MP: 3/3
   262 | D:1      | Reached XP level 3. HP: 13/31 MP: 4/4
   368 | D:1      | Reached skill level 4 in Shields
   425 | D:1      | Found a faded altar of an unknown god.
   479 | D:1      | Glimpsed the power of Zot.
   567 | D:2      | Reached XP level 4. HP: 22/40 MP: 5/5
   727 | D:2      | Noticed Robin
   740 | D:2      | Killed Robin
   785 | D:2      | Found Sanukut's Weapon Shop.
  1032 | D:3      | Reached XP level 5. HP: 46/46 MP: 6/6
  1160 | D:3      | Found a stormy altar of Qazlal.
  1160 | D:3      | Found a basalt altar of Yredelemnul.
  1429 | D:3      | Noticed Ijyb
  1489 | D:3      | Killed Ijyb
  1490 | D:3      | Reached XP level 6. HP: 53/53 MP: 7/7
  1530 | D:3      | Reached skill level 5 in Shields
  1562 | D:3      | Killed from afar by an orc wizard

Illustrated notes

Levels and vault maps discovered:
D:1:      matt_arrival_spirals, layout_basic, hellmonk_ecumenical_altar_blasted
D:2:      layout_loops_ring, serial_shops, shop, uniq_robin
D:3:      layout_basic, gammafunk_temple_overflow_wave,
          amcnicky_mini_pool_small, kennysheep_orc_chapel, uniq_ijyb,
          uniq_terence

Skill      XL: |  1  2  3  4  5  6 |
---------------+-------------------+-----
Armour         | 4 |  4.9
Shields        | 4 5 |  5.0
Axes           | 3 4 |  4.0
Fighting       | 4 |  4.5

Action                   |  1- 3 |  4- 6 || total
-------------------------+-------+-------++-------
Melee: War axe           |    67 |   150 ||   217
Armor: Ring mail         |    54 |    82 ||   136
       Scale mail        |     8 |       ||     8
       Skin              |       |     6 ||     6
Dodge: Dodged            |    49 |    64 ||   113
Block: Buckler           |    24 |    47 ||    71

Table legend: (Time is in decaauts)
 A = Elapsed time spent in this place.
 B = Non-inter-level travel time spent in this place.
 C = Inter-level travel time spent in this place.
 D = Time resting spent in this place.
 E = Time spent auto-exploring this place.
 F = Levels seen in this place.
 G = Mean time per level.
                   A        B        C        D        E       F      G
               +--------+--------+--------+--------+--------+-----+--------+
         Total |   1629 |   1616 |     13 |     13 |      0 |   3 |  543.0 |
       Dungeon |   1629 |   1616 |     13 |     13 |      0 |   3 |  543.0 |
               +--------+--------+--------+--------+--------+-----+--------+

Top non-repeatable levels by time:
     D:3: 553 daAuts
     D:1: 547 daAuts
     D:2: 527 daAuts
